AoeStats
← XMaster4000

Black Forest

509532058Analyzed
3v3 RM · 4d ago on Sep 27, 2026· 63m 51s· 6 players
Game mode
Random Map
Map size
Normal (6 player)
Population
200
Speed
Normal
Resources
Standard
Victory
Conquest
Starting age
Dark Age
Ending age
Imperial Age
RankedLock teamsTeams togetherTeam positionsShared explorationLock speedFull tech treeHidden civsTurbo modeCheats
Victory
Defeat
🇦🇷 Magyars · Argentina
814
+17
🇦🇷 Ethiopians · Argentina
799
+18
🇦🇷 Japanese · Argentina
787
+18
🇨🇴 Portuguese · Colombia
931
-21
🇨🇴 Khmer · Colombia
805
-16
🇺🇸 Franks · United States
792
-16
lobitos
2:25 Loom
11:35 Loom
13:53 Feudal Age
14:33 Man-at-Arms
15:41 Double-Bit Axe
16:10 Gold Mining
17:23 Scale Mail Armor
18:05 Arson
19:04 Horse Collar
24:25 Castle Age
26:29 Wheelbarrow
26:10 Bow Saw
28:06 Pikeman
30:13 Scale Barding Armor
31:06 Bloodlines
30:58 Husbandry
30:20 Light Cavalry
31:30 Hand Cart
31:46 Town Watch
36:04 Imperial Age
33:51 Town Patrol
34:03 Town Patrol
34:18 Heavy Plow
35:19 Coinage
36:24 Caravan
36:50 Chain Barding Armor
36:37 Onager
37:58 Gold Shaft Mining
37:14 Stone Mining
37:59 Chain Mail Armor
40:01 Banking
40:35 Corvinian Army
41:43 Plate Barding Armor
41:37 Conscription
42:56 Hoardings
42:01 Hussar
44:02 Crop Rotation
43:16 Elite Magyar Huszar
45:17 Ballistics
44:57 Murder Holes
45:13 Masonry
52:54 Recurve Bow
55:31 Two-Man Saw
54:01 Cavalier
54:17 Halberdier
56:48 Fletching
56:59 Padded Archer Armor
57:22 Ballistics
58:02 Chemistry
56:43 Treadmill Crane
57:09 Siege Engineers
57:39 Bodkin Arrow
59:40 Paladin
63:27 Leather Archer Armor
63:13 Bracer
Von Salemsian
0:38 Loom
14:10 Feudal Age
22:44 Castle Age
21:49 Double-Bit Axe
21:46 Horse Collar
23:16 Town Watch
28:04 Wheelbarrow
29:19 Fortified Wall
34:31 Imperial Age
32:29 Hand Cart
32:17 Town Patrol
32:28 Heavy Plow
32:40 Bow Saw
32:52 Gold Mining
34:38 Padded Archer Armor
34:30 Fletching
35:20 Gold Shaft Mining
36:47 Two-Man Saw
37:54 Coinage
37:56 Leather Archer Armor
37:37 Bodkin Arrow
39:23 Ballistics
39:39 Ring Archer Armor
38:46 Crossbowman
39:30 Arbalester
40:29 Thumb Ring
40:26 Stone Mining
43:31 Stone Shaft Mining
43:14 Bracer
44:17 Chemistry
44:20 Torsion Engines
46:00 Caravan
46:31 Banking
46:11 Guilds
46:49 Elite Shotel Warrior
47:49 Forging
47:40 Scale Mail Armor
47:52 Masonry
47:44 Murder Holes
53:15 Onager
54:47 Chain Mail Armor
55:10 Iron Casting
54:00 Halberdier
55:33 Heavy Camel Rider
58:18 Squires
63:04 Architecture
62:39 Siege Engineers
Lean007
11:16 Feudal Age
17:55 Castle Age
16:12 Gold Mining
18:45 Horse Collar
19:43 Pikeman
20:40 Squires
21:12 Pikeman
25:51 Double-Bit Axe
29:16 Arson
30:42 Gambesons
31:03 Scale Mail Armor
31:14 Forging
32:24 Heavy Plow
33:53 Town Watch
35:01 Caravan
39:21 Bow Saw
40:01 Coinage
42:38 Imperial Age
42:35 Ballistics
44:39 Two-Man Saw
43:03 Halberdier
44:53 Chemistry
44:18 Chain Mail Armor
44:38 Iron Casting
43:54 Fletching
44:05 Padded Archer Armor
44:00 Capped Ram
45:19 Thumb Ring
44:36 Elite Skirmisher
49:24 Blast Furnace
48:55 Plate Mail Armor
48:40 Leather Archer Armor
48:21 Bodkin Arrow
50:11 Conscription
61:15 Ring Archer Armor
60:45 Bracer
62:18 Siege Engineers
61:59 Treadmill Crane
El Ravioli
13:52 Feudal Age
15:46 Double-Bit Axe
15:46 Horse Collar
18:23 Castle Age
17:21 Gold Mining
22:31 Imperial Age
19:56 Loom
23:21 Bow Saw
23:14 Heavy Plow
25:29 Two-Man Saw
25:57 Stone Mining
27:01 Caravan
29:03 Wheelbarrow
30:51 Hand Cart
31:15 Crop Rotation
31:24 Stone Shaft Mining
31:04 Fortified Wall
34:36 Town Watch
35:55 Chemistry
35:01 Siege Engineers
35:06 Masonry
35:08 Scale Barding Armor
35:13 Forging
35:05 Padded Archer Armor
34:56 Fletching
38:22 Bombard Tower
38:34 Architecture
37:46 Treadmill Crane
38:06 Murder Holes
40:59 Chain Barding Armor
40:54 Leather Archer Armor
40:35 Bodkin Arrow
41:15 Iron Casting
43:22 Arquebus
43:49 Conscription
43:34 Town Patrol
44:00 Ballistics
44:25 Ring Archer Armor
50:18 Plate Barding Armor
50:43 Blast Furnace
49:44 Bracer
50:35 Cavalier
51:25 Bloodlines
51:16 Husbandry
55:26 Onager
Your Maker
0:30 Loom
13:50 Feudal Age
14:37 Double-Bit Axe
16:53 Wheelbarrow
17:48 Wheelbarrow
19:59 Castle Age
20:28 Gold Mining
22:39 Scale Barding Armor
28:37 Hand Cart
38:43 Fortified Wall
42:20 Imperial Age
41:00 Masonry
42:44 Cavalier
43:25 Husbandry
46:18 Forging
46:29 Chain Barding Armor
51:12 Paladin
XMaster4000
17:02 Feudal Age
19:05 Double-Bit Axe
23:20 Castle Age
22:45 Loom
29:11 Bow Saw
32:31 Wheelbarrow
32:07 Gold Mining
33:55 Fortified Wall
38:58 Imperial Age
38:28 Husbandry
43:15 Double Crossbow
43:52 Hoardings
43:40 Conscription
44:23 Cavalier
45:08 Town Watch
45:40 Hand Cart
46:04 Gold Shaft Mining
45:19 Stone Mining
47:13 Bloodlines
47:07 Scale Mail Armor
48:03 Forging
48:09 Chain Mail Armor
47:59 Scale Barding Armor
48:15 Masonry
48:09 Murder Holes
48:36 Ballistics
49:15 Heavy Scorpion
52:51 Tusk Swords
53:05 Elite Ballista Elephant
57:34 Caravan
60:22 Light Cavalry
Connection lost

Rejoining the realm…

Still unreachable

The connection could not be restored.

Session expired

The server has moved on; the page needs a fresh start.